 Dungeon Crawl Stone Soup version 0.31-a0-236-g9a0961fb85 (webtiles) character file.

Game seed: 3861667705578946527

1270 qw the Skirmisher (level 8, 0/68 HPs)
             Began as a Minotaur Hexslinger on July 10, 2023.
             Slain by a gnoll
             ... wielding a +0 halberd
             ... led by a gnoll bouda
              (4 damage)
             ... on level 5 of the Dungeon.
             The game lasted 00:01:18 (3609 turns).

qw the Skirmisher (Minotaur Hexslinger)             Turns: 3609, Time: 00:01:19

Health: 0/68       AC:  7    Str: 13    XL:     8   Next: 28%
Magic:  8/8        EV: 14    Int: 13    God:
Gold:   63         SH:  0    Dex: 19    Spells: 8/9 levels left

rFire   . . .        a - +8 hand crossbow of Ablokump {drain, Will+ Int+3 Dex+4}
rCold   + . .        (no shield)
rNeg    . . .        p - +2 robe {rC+}
rPois   .            (helmet restricted)
rElec   .            e - +0 cloak
rCorr   +            o - +0 pair of gloves
SInv    .            b - +0 pair of boots
Will    +....        (no amulet)
Stlth   ++           c - ring of resist corrosion
HPRegen 0.31/turn    (no ring)
MPRegen 0.11/turn

%: no passive effects
@: about to teleport, weakened
A: horns 2, retaliatory headbutt
a: no special abilities


You were on level 5 of the Dungeon.
You visited 1 branch of the dungeon, and saw 5 of its levels.

You collected 168 gold pieces.
You spent 105 gold pieces at shops.


Innate Abilities, Weirdness & Mutations

You have a pair of horns on your head.
You reflexively headbutt those who attack you in melee.


   Skills:
 + Level 5.0 Fighting
 - Level 9.1 Ranged Weapons
 - Level 3.0 Armour
 - Level 4.0 Dodging
 - Level 1.0 Spellcasting
 - Level 2.0 Hexes


You had 8 spell levels left.
You knew the following spells:

 Your Spells              Type           Power      Damage    Failure   Level
a - Slow                  Hex            20%        N/A       12%         1

Your spell library contained the following spells:

 Spells                   Type           Power      Damage    Failure   Level
 Inner Flame              Hex/Fire       3%         N/A       50%         3
 Portal Projectile        Hex/Tloc       6%         N/A       50%         3
 Cause Fear               Hex            2%         N/A       77%         4

Inventory:

Hand Weapons
 a - the +8 hand crossbow of Ablokump (weapon) {drain, Will+ Int+3 Dex+4}
   (You acquired it on level 2 of the Dungeon)

   Int:       It affects your intelligence (+3).
   Dex:       It affects your dexterity (+4).
   Will:      It increases your willpower.
Armour
 b - a +0 pair of boots (worn)
 e - a +0 cloak (worn)
 k - a +3 leather armour
 o - a +0 pair of gloves (worn)
 p - a +2 robe of cold resistance (worn)
Jewellery
 c - a ring of resist corrosion (left hand)
Scrolls
 d - a scroll of enchant weapon
 n - a scroll of identify
Potions
 f - a potion of enlightenment
 g - a potion of cancellation
 h - 5 potions of curing
 i - a potion of haste {unknown}
 j - a potion of resistance {unknown}
 l - a potion of invisibility {unknown}
 m - a potion of might {unknown}

Dungeon Overview and Level Annotations

Branches:
Dungeon (5/15)
 Temple: D:4-7

Altars:
Ashenzari
Cheibriados
Elyvilon
Kikubaaqudgha
Makhleb
Sif Muna
Trog

Shops:
D:5 ?

Annotations:
D:3 3 runed translucent doors, qw's ghost, amateur MiHs; qw's ghost, weakling MiHs
D:4 3 runed translucent doors, qw's ghost, amateur MiHs


Message History

The gnoll bouda closely misses you. The gnoll closely misses you.
The gnoll barely misses you. The gnoll hits you with a +0 club.
The gnoll barely misses you. The gnoll closely misses you.
The gnoll bouda hits you with a +0 club.
The gnoll hits you from afar with a +0 spear.
You shoot a bolt. The bolt hits the gnoll!!
You kill the gnoll!
The gnoll misses you. The gnoll barely misses you.
The gnoll bouda hits you with a +0 club.
The gnoll hits you from afar with a +0 spear.
The gnoll hits you but does no damage.
The gnoll hits you from afar with a +0 halberd!
You shoot a bolt. The bolt closely misses the gnoll.
The gnoll bouda barely misses you. You furiously retaliate!
You headbutt the gnoll bouda, but do no damage.
The gnoll barely misses you. The gnoll hits you but does no damage.
The gnoll closely misses you. The gnoll barely misses you.
The gnoll bouda gazes fiercely through you!
You feel as though you will be weak longer.
The gnoll bouda hits you but does no damage.
The gnoll closely misses you. The gnoll hits you with a +0 club.
You shoot a bolt. The bolt hits the gnoll.
You drain the gnoll.
The gnoll is heavily wounded.
The gnoll is no longer moving quickly.
The gnoll barely misses you. x2
The gnoll bouda barks out a call to the hunt!
The gnoll picks up the pace!
The gnoll hits you from afar with a +0 spear.
The gnoll hits you with a +0 club. The gnoll completely misses you.
You shoot a bolt. The bolt hits the gnoll!!
You kill the gnoll!
The gnoll is no longer moving quickly.
The gnoll closely misses you. The gnoll bouda barely misses you.
The gnoll hits you but does no damage.
The gnoll hits you from afar with a +0 halberd! x2
The gnoll bouda barely misses you. The gnoll misses you.
Your Dodging skill increases to level 4!
3609 ||| READING scroll of teleportation.
As you read the scroll of teleportation, it crumbles to dust.
You feel strangely unstable.
The gnoll hits you from afar with a +0 halberd.
You die...

#..........
#........). .
#..........
.......##.......?..
o.....##.........#
)....##.gg.g.....
........).......
....##.g@)[.....
######..###.........
#.........#.##......
#...........# ......
#...........# ......
#........#..##......
#...../.)#........##
#............##...##
#.....)...).........


You could see a gnoll bouda and 3 gnolls.

Vanquished Creatures
  Pikel (D:4)
  An orc warrior (D:4)
  An ice beast (D:4)
  A centaur (D:5)
  A lemure (D:4)
  2 scorpions
  A hound (D:4)
  2 orc priests
  An iguana (D:5)
  Terence (D:3)
  An orc wizard (D:4)
  Natasha (thrice) (D:2)
  5 gnolls (D:5)
  5 adders
  A shadow imp (D:5)
  An ufetubus (D:4)
  A worm (D:2)
  4 dart slugs
  14 orcs
  5 bats
  10 endoplasms
  5 giant cockroaches
  6 goblins
  8 hobgoblins
  3 jackals (D:1)
  A quokka (D:3)
  8 ball pythons
  5 frilled lizards
  10 kobolds
  4 rats
112 creatures vanquished.

Notes
Turn   | Place    | Note
-------+----------+-------------------------------------------
     0 | D:1      | qw the Minotaur Hexslinger began the quest for the Orb.
     0 | D:1      | Reached XP level 1. HP: 16/16 MP: 1/1
     0 | D:1      | 0 ||| qw: Version: 0.3-a-52-g30416fa
     0 | D:1      | 0 ||| qw: Game counter: 4635
     0 | D:1      | 0 ||| qw: Melee chars always use a shield: true
     0 | D:1      | 0 ||| qw: God list: Okawaru
     0 | D:1      | 0 ||| qw: Allow faded altars: false
     0 | D:1      | 0 ||| qw: Do Orc after clearing Dungeon:15 true
     0 | D:1      | 0 ||| qw: Do second Lair branch before Depths: true
     0 | D:1      | 0 ||| qw: Lair rune preference: random
     0 | D:1      | 0 ||| qw: Goals: Normal
     0 | D:1      | 0 ||| PLANNING D:1-11
   235 | D:1      | Reached skill level 3 in Ranged Weapons
   235 | D:1      | Reached XP level 2. HP: 23/23 MP: 2/2
   485 | D:1      | 485 ||| FLEEEEING.
   486 | D:1      | 486 ||| FLEEEEING.
   487 | D:1      | 487 ||| FLEEEEING.
   488 | D:1      | 488 ||| FLEEEEING.
   489 | D:1      | 489 ||| FLEEEEING.
   495 | D:1      | Reached XP level 3. HP: 12/29 MP: 3/3
   885 | D:1      | 885 ||| UPGRADING to +0 ring mail.
   895 | D:1      | 895 ||| DROPPING +0 robe.
   896 | D:1      | 896 ||| UPGRADING to +0 cloak.
   901 | D:1      | 901 ||| READING scroll labelled FELORH KAXAUPI.
   902 | D:1      | 902 ||| READING scroll labelled TEXISI EDIRATE.
   907 | D:1      | 907 ||| DRINKING 3 metallic cyan potions.
   908 | D:1      | 908 ||| DROPPING scroll of poison.
  1003 | D:2      | Reached skill level 4 in Ranged Weapons
  1131 | D:2      | Reached skill level 1 in Armour
  1131 | D:2      | Noticed Natasha
  1134 | D:2      | Killed Natasha
  1135 | D:2      | Reached XP level 4. HP: 36/36 MP: 4/4
  1140 | D:2      | Noticed Natasha
  1143 | D:2      | 1143 ||| FLEEEEING.
  1148 | D:2      | Killed Natasha
  1149 | D:2      | Reached skill level 5 in Ranged Weapons
  1154 | D:2      | Noticed Natasha
  1156 | D:2      | HP: 6/36 [Natasha/magic dart (8)]
  1159 | D:2      | HP: 2/36 [Natasha (5)]
  1160 | D:2      | Killed Natasha
  1161 | D:2      | Reached XP level 5. HP: 4/42 MP: 5/5
  1662 | D:2      | 1662 ||| UPGRADING to ring of resist corrosion.
  1663 | D:2      | 1663 ||| READING scroll labelled GUINNA CASIOSOAGG.
  1738 | D:2      | 1738 ||| READING scroll labelled RIRUOVOUTU.
  1738 | D:2      | Identified a scroll of acquirement
  1738 | D:2      | 1738 ||| ACQUIRING +8 hand crossbow of Ablokump {drain,
                  | Will+ Int+3 Dex+4}
  1738 | D:2      | Acquired the +8 hand crossbow of Ablokump {drain, Will+
                  | Int+3 Dex+4}
  1740 | D:2      | 1740 ||| SWAPPING to +8 hand crossbow of Ablokump {drain,
                  | Will+ Int+3 Dex+4}.
  1741 | D:2      | 1741 ||| DROPPING +1 sling.
  1742 | D:2      | 1742 ||| READING scroll labelled KOHEXU PABA.
  1743 | D:2      | 1743 ||| DRINKING 2 brown potions.
  1775 | D:3      | Found a bloodstained altar of Trog.
  1775 | D:3      | Found a broken altar of Ashenzari.
  1777 | D:3      | Found a white marble altar of Elyvilon.
  1777 | D:3      | Found a burning altar of Makhleb.
  1780 | D:3      | Reached skill level 3 in Fighting
  1784 | D:3      | Found a snail-covered altar of Cheibriados.
  1784 | D:3      | Found a shimmering blue altar of Sif Muna.
  1900 | D:3      | Found an ancient bone altar of Kikubaaqudgha.
  2056 | D:3      | Found a runed translucent gate.
  2056 | D:3      | Found a runed translucent gate.
  2057 | D:3      | Found a runed translucent gate.
  2060 | D:3      | Noticed qw's ghost (weakling MiHs)
  2060 | D:3      | Noticed qw's ghost (amateur MiHs)
  2112 | D:3      | Noticed Terence
  2115 | D:3      | Killed Terence
  2429 | D:3      | 2429 ||| UPGRADING to +0 pair of boots.
  2434 | D:3      | 2434 ||| READING scroll labelled AKYJOA VYEC.
  2435 | D:3      | 2435 ||| READING scroll labelled JARGHU YPLIALAMOURO.
  2481 | D:4      | 2481 ||| Stepping ~*~*~tactically~*~*~ (outnumbered).
  2486 | D:4      | Reached skill level 6 in Ranged Weapons
  2511 | D:4      | Reached XP level 6. HP: 52/52 MP: 6/6
  2554 | D:4      | Noticed qw's ghost (amateur MiHs)
  2717 | D:4      | Identified the +2 short sword of Dithmenos's Regard
                  | {antimagic, *Noise rF+ rN++ Stlth+}
  2785 | D:4      | Found a runed translucent gate.
  2785 | D:4      | Found a runed translucent gate.
  2785 | D:4      | Found a runed translucent gate.
  2824 | D:4      | Noticed Pikel
  2830 | D:4      | Killed Pikel
  2831 | D:4      | Reached skill level 8 in Ranged Weapons
  2831 | D:4      | Reached XP level 7. HP: 48/60 MP: 7/7
  2909 | D:4      | Reached skill level 3 in Armour
  2951 | D:4      | 2951 ||| FLEEEEING.
  2976 | D:4      | 2976 ||| FLEEEEING.
  3319 | D:4      | 3319 ||| UPGRADING to +3 leather armour.
  3329 | D:4      | 3329 ||| DROPPING +0 ring mail.
  3330 | D:4      | 3330 ||| UPGRADING to +0 pair of gloves.
  3335 | D:4      | 3335 ||| UPGRADING to +2 robe of cold resistance.
  3345 | D:4      | 3345 ||| READING 3 scrolls labelled AGUILU FET BUMOK.
  3346 | D:4      | 3346 ||| READING scroll labelled IJOGIO HEDAAZU.
  3347 | D:4      | 3347 ||| READING 2 scrolls of identify.
  3347 | D:4      | 3347 ||| IDENTIFYING white potion
  3367 | D:5      | Entered Level 5 of the Dungeon
  3367 | D:5      | Found Woighetein's Magic Scroll Shoppe.
  3374 | D:5      | 3374 ||| STAIRDANCE
  3377 | D:4      | Reached skill level 3 in Dodging
  3377 | D:4      | Reached XP level 8. HP: 51/68 MP: 8/8
  3474 | D:5      | 3474 ||| BUYING scroll of enchant weapon (105 gold).
  3474 | D:5      | Bought a scroll of enchant weapon for 105 gold pieces
  3474 | D:5      | 3474 ||| SHOPLISTING scroll of enchant weapon (105 gold,
                  | have 24).
  3474 | D:5      | 3474 ||| SHOPLISTING scroll of identify (28 gold, have 24).
  3474 | D:5      | 3474 ||| SHOPLISTING scroll of teleportation (42 gold, have
                  | 24).
  3494 | D:5      | 3494 ||| FLEEEEING.
  3498 | D:5      | 3498 ||| FLEEEEING.
  3499 | D:5      | 3499 ||| FLEEEEING.
  3500 | D:5      | 3500 ||| STAIRDANCE
  3598 | D:5      | Reached skill level 9 in Ranged Weapons
  3608 | D:5      | HP: 14/68 [gnoll/+0 halberd[a gnoll bouda] (8)]
  3608 | D:5      | HP: 4/68 [gnoll/+0 halberd (10)]
  3609 | D:5      | 3609 ||| READING scroll of teleportation.
  3609 | D:5      | Slain by a gnoll

Levels and vault maps discovered:
D:1:      dpeg_arrival_ternary, layout_loops_ring, serial_forest,
          infiniplex_forest_straight_5, infiniplex_forest_lined_2,
          infiniplex_forest_lined_room_2, infiniplex_forest_lined_3,
          infiniplex_forest_fountain, infiniplex_forest_lined_corner,
          infiniplex_forest_straight_3
D:2:      layout_basic, serial_corexii_hall, corexii_hall_statues_x,
          chequers_hall_statues_wall_a, uniq_natasha
D:3:      layout_loops_cross, grunt_temple_overflow_open,
          lemuel_coloured_pillars_altar, gammafunk_ghost_cemetery,
          hangedman_decor_slide_cut, uniq_terence
D:4:      layout_loops_ring, gammafunk_ghost_icy, uniq_pikel
D:5:      layout_rooms, minmay_temple_entry_mini_moons, ebering_ghost_sewer_d,
          serial_shops, shop

Skill      XL: |  1  2  3  4  5  6  7  8 |
---------------+-------------------------+-----
Ranged Weapons | 3 4 5 6 8 9 |  9.1
Fighting       | 2 3 4 5 |  5.0
Armour         | 1 3 |  3.0
Dodging        | 3 4 |  4.0
Spellcasting   | |  1.0
Hexes          | |  2.0

Action                     |  1- 3 |  4- 6 |  7- 9 || total
---------------------------+-------+-------+-------++-------
   Fire: Sling             |   104 |    23 |       ||   127
         Hand crossbow     |       |    62 |    48 ||   110
    Use: Scroll            |     2 |     5 |     4 ||    11
         Potion            |     1 |     1 |       ||     2
 Armour: Robe              |     7 |       |     5 ||    12
         Ring mail         |     1 |     8 |     1 ||    10
  Dodge: Dodged            |    22 |    16 |    48 ||    86

Table legend:
 A = Non-vault XP
 B = Vault XP
 C = Vault XP percentage of total XP
 D = Non-vault monster count
 E = Vault monster count
 F = Vault count percentage of total count
                 A         B        C        D         E       F
            +---------+---------+-------+---------+---------+-------
      Total |    1127 |     688 |  37.9 |     108 |       3 |   2.7
            +---------+---------+-------+---------+---------+-------
        D:1 |      56 |       0 |   0.0 |      31 |       0 |   0.0
        D:2 |     113 |      35 |  23.6 |      14 |       1 |   6.7
        D:3 |      47 |      36 |  43.4 |      23 |       1 |   4.2
        D:4 |     539 |     617 |  53.4 |      26 |       1 |   3.7
        D:5 |     372 |       0 |   0.0 |      14 |       0 |   0.0
            +---------+---------+-------+---------+---------+-------
